 Dungeon Crawl Stone Soup version 0.23-a0-143-g1adec7b (webtiles) character file.

5532 Amnesiac the Quickloader (level 10, -6/82 HPs)
             Began as a Mummy Arcane Marksman on Sept 2, 2018.
             Was an Elder of Okawaru.
             Mangled by a two-headed ogre
             ... wielding a +0 giant club
              (25 damage)
             ... on level 9 of the Dungeon.
             The game lasted 00:13:30 (9147 turns).

Amnesiac the Quickloader (Mummy Arcane Marksman)    Turns: 9147, Time: 00:13:30

Health: -6/82      AC:  7    Str: 17    XL:     10   Next: 43%
Magic:  13/13      EV: 15    Int: 12    God:    Okawaru [****..]
Gold:   463        SH:  0    Dex: 13    Spells: 11/12 levels left

rFire    x . .     SeeInvis .   b - +5 trident (venom)
rCold    + . .     Gourm    .   (no shield)
rNeg     + + +     Faith    .   n - +0 troll leather armour
rPois    ∞         Spirit   .   (no helmet)
rElec    .         Reflect  .   (no cloak)
rCorr    .         Harm     .   (no gloves)
MR       +....                  u - +2 pair of boots
Stlth    +.........             (no amulet)
HPRegen  0.63/turn              q - ring of flight
MPRegen  0.13/turn              p - +3 ring of evasion

@: about to teleport
A: no food or potions, fire vulnerability, cold resistance 1, negative energy
resistance 3, torment resistance, unbreathing
a: Heroism, Renounce Religion, Evoke Flight


You were on level 9 of the Dungeon.
You worshipped Okawaru.
Okawaru was greatly pleased with you.
You were not hungry.

You visited 1 branch of the dungeon, and saw 10 of its levels.
You also visited: Sewer.

You collected 463 gold pieces.

Inventory:

Hand Weapons
 a - a +0 hand crossbow
 b - a +5 trident of venom (weapon)
 c - a +0 blowgun
 w - the +6 rapier "Worm's Wrath" {vamp, +Blink}
   (You found it on level 7 of the Dungeon)

   It inflicts no extra harm, but heals its wielder when it wounds a living foe.
   It lets you blink.
Missiles
 d - 56 bolts
 j - 6 curare-tipped needles
 k - 24 poisoned needles
Armour
 g - a +0 plate armour
 n - a +0 troll leather armour (worn)
 u - a +2 pair of boots (worn)
Jewellery
 p - a +3 ring of evasion (right hand)
 q - a ring of flight (left hand)
Scrolls
 e - 3 scrolls of teleportation {!r}
 f - 2 scrolls of fear {!r, unknown}
 h - a scroll of identify {!r}
 i - a scroll of enchant weapon {!r}
 l - a scroll of fog {!r}
 m - 2 scrolls of enchant armour {!r}
 o - a scroll of blinking {!r, unknown}
 r - a scroll of amnesia {!r}
 s - 2 scrolls of remove curse {!r, unknown}
 t - a scroll of vulnerability {!r, unknown}
 v - a scroll of immolation {!r, unknown}
 x - a scroll of summoning {!r, unknown}


   Skills:
 + Level 8.5 Fighting
 * Level 10.2 Crossbows
 - Level 1.5 Armour
 - Level 1.5 Dodging
 - Level 1.5 Spellcasting
 - Level 3.0 Hexes
 + Level 4.0 Invocations


You had 11 spell levels left.
You knew the following spells:

 Your Spells              Type           Power        Failure   Level  Hunger
a - Corona                Hex            #......      10%         1    N/A

Your spell library contained the following spells:

 Spells                   Type           Power        Failure   Level  Hunger
 Confusing Touch          Hex            #.....       10%         1    N/A
 Slow                     Hex            #.......     16%         2    N/A
 Confuse                  Hex            #.......     30%         3    N/A
 Animate Skeleton         Necr           N/A          34%         1    N/A
 Apportation              Tloc           #.....       34%         1    N/A
 Summon Small Mammal      Summ           #...         34%         1    N/A
 Inner Flame              Hex/Fire       #.......     50%         3    N/A
 Portal Projectile        Hex/Tloc       #.....       50%         3    N/A
 Cause Fear               Hex            #.........   69%         4    N/A
 Gell's Gravitas          Tloc           #.........   71%         3    N/A
 Leda's Liquefaction      Hex/Erth       #.........   88%         4    N/A
 Petrify                  Tmut/Erth      #.......     98%         4    N/A
 Metabolic Englaciation   Hex/Ice        #.........   99%         5    N/A
 Yara's Violent Unravell  Hex/Tmut       #.........   99%         5    N/A
 Haunt                    Necr/Summ      #.........   100%        7    N/A
 Infestation              Necr           #.........   100%        8    N/A
 Borgnjor's Revivificati  Necr           Unusable     N/A         8    N/A
 Death's Door             Chrm/Necr      Unusable     N/A         8    N/A
 Necromutation            Tmut/Necr      Unusable     N/A         8    N/A

Dungeon Overview and Level Annotations

Branches:
Dungeon (10/15)            Temple (0/1) D:5
   Lair: D:8-11         Orc: D:9-12

Altars:
Ashenzari
Dithmenos
Gozag
Hepliaklqana
Makhleb
Nemelex Xobeh
Okawaru
Qazlal
Trog
Vehumet
Xom
Zin
The Shining One


Innate Abilities, Weirdness & Mutations

You do not eat or drink.
Your flesh is vulnerable to fire.
You are immune to poison.
Your flesh is cold resistant. (rC+)
You are immune to negative energy. (rN+++)
You are immune to unholy pain and torment.
You can survive without breathing.


Message History

You open the door.
There is an open door here.
You open the door.
There is an open door here.
There is an open door here.
Key pressed, stopping explore.
There is an open door here.
You open the door.
There is an open door here.
Found a stone staircase leading up.
There is an open door here.
x - a scroll labeled REUR SEPEBAXKE {!r} You open the door.
There is an open door here.
A hornet comes into view.
Found a scroll labeled JIYNOE XICAOS.
A hornet is nearby!
A hornet is nearby!
A hornet is nearby!
There is a stone staircase leading up here.
A two-headed ogre comes into view. It is wielding two giant clubs.
The hornet buzzes angrily.
You puncture the hornet!
The hornet is poisoned.
The hornet is moderately wounded.
The hornet closely misses you.
The hornet stings you but does no damage.
You miss the hornet.
The hornet is heavily wounded.
The hornet completely misses you. The hornet closely misses you.
You hit the hornet but do no damage.
The hornet looks as sick as possible!
The hornet is severely wounded.
You kill the hornet!
Okawaru is honoured by your kill.
Your Invocations skill increases to level 4!
Attack whom?
Press: ? - help, Dir - move target cursor, f - two-headed ogre
Aim: a two-headed ogre, wielding two giant clubs You reach to attack!
You puncture the two-headed ogre!
The two-headed ogre is moderately wounded.
You hit the two-headed ogre.
The two-headed ogre is poisoned.
The two-headed ogre is moderately wounded.
The two-headed ogre hits you with a giant club!!
The two-headed ogre hits you with a giant club!
There is a stone staircase leading up here.
There is an open door here.
You close the door.
A two-headed ogre opens the door.
There is an open door here.
Attack whom?
Press: ? - help, Dir - move target cursor, f/p - two-headed ogre
Aim: a two-headed ogre, wielding two giant clubs (heavily wounded, poisoned)
You reach to attack!
You hit the two-headed ogre but do no damage.
The two-headed ogre looks even sicker.
The two-headed ogre is heavily wounded.
The two-headed ogre hits you with a giant club!!
* * * LOW HITPOINT WARNING * * *
The two-headed ogre hits you with a giant club!!
* * * LOW HITPOINT WARNING * * *
There is an open door here.
Really read
e - 4 scrolls of teleportation {!r}?
As you read the scroll of teleportation {!r}, it crumbles to dust.
You feel strangely unstable.
The two-headed ogre hits you with a giant club!!
You die...

###'#............
#...#............
#...#............ ########
##'##.......>....
#......###..############..
#......#...............'..
#.....)#...............#..
#####......####'#####'######..
#............@O...............
#.......)........(............
#......[.................#####
#........................# #
#.........>...)..######### #
#....###'#########...# #
#....#....#.....'....# #
#....#....#.....#....# #
#....#....##....##...##### #


You could see a two-headed ogre.

Vanquished Creatures
  The ghost of HydraWiggins the Stinger, a novice GnVM of Vehumet (D:6)
  A troll (D:9)
  2 hornets
  Grinder (D:6)
  A hippogriff (D:8)
  Sigmund (D:5)
  Eustachio (D:6)
  A water moccasin (D:7)
  4 orc warriors
  A sky beast (D:5)
  Purgy (Sewer)
  A black bear (D:9)
  2 phantoms
  An ice beast (D:5)
  6 ogres
  A centaur (D:6)
  2 crocodiles
  3 bullfrogs
  3 scorpions
  5 wights (D:9)
  A howler monkey (D:8)
  7 crimson imps
  A gnoll shaman (D:6)
  A hound (D:8)
  2 jellies
  8 orc wizards
  8 orc priests
  Natasha (thrice) (D:2)
  3 iguanas
  8 worker ants
  A hound skeleton (D:9)
  7 gnolls
  2 howler monkey skeletons
  13 adders
  10 river rats
  A shadow imp (D:5)
  3 oozes
  2 adder skeletons
  3 worms
  4 dart slugs
  6 leopard geckos
  41 orcs
  4 giant cockroaches
  3 goblins
  6 hobgoblins
  8 jackals
  3 quokkas
  4 ball pythons
  7 bats
  6 frilled lizards
  11 kobolds
  A leopard gecko skeleton (D:7)
  20 rats
  A plant (D:3)
248 creatures vanquished.

Notes
Turn   | Place    | Note
-------+----------+-------------------------------------------
     0 | D:1      | Amnesiac the Mummy Arcane Marksman began the quest for the
                  | Orb.
     0 | D:1      | Reached XP level 1. HP: 15/15 MP: 2/2
    62 | D:1      | Reached skill level 2 in Crossbows
    62 | D:1      | Reached XP level 2. HP: 20/21 MP: 4/4
   579 | D:1      | Reached XP level 3. HP: 24/26 MP: 5/5
  1241 | D:2      | Found a shimmering altar of Xom.
  1242 | D:2      | Found a hazy altar of Hepliaklqana.
  1243 | D:2      | Noticed a spectral ugly thing
  1296 | D:2      | Noticed Natasha
  1303 | D:2      | Reached XP level 4. HP: 33/33 MP: 6/6
  1315 | D:2      | Killed Natasha
  1315 | D:2      | Reached skill level 1 in Armour
  1760 | D:2      | Found an opulent altar of Gozag.
  1795 | D:2      | Found a burning altar of Makhleb.
  1799 | D:2      | Found a glowing silver altar of Zin.
  1799 | D:2      | Noticed an angel
  1799 | D:2      | Noticed a cacodemon
  1820 | D:2      | Found a sparkling altar of Nemelex Xobeh.
  1821 | D:2      | Noticed Natasha
  1827 | D:2      | Killed Natasha
  1827 | D:2      | Reached skill level 3 in Crossbows
  2039 | D:2      | Found a shimmering altar of Xom.
  2040 | D:2      | Found a hazy altar of Hepliaklqana.
  2066 | D:2      | Noticed Natasha
  2073 | D:2      | Killed Natasha
  2073 | D:2      | Reached XP level 5. HP: 25/39 MP: 7/7
  2259 | D:2      | Found an opulent altar of Gozag.
  2275 | D:2      | Found a burning altar of Makhleb.
  2279 | D:2      | Found a glowing silver altar of Zin.
  2290 | D:2      | Found a sparkling altar of Nemelex Xobeh.
  2968 | D:3      | Reached skill level 4 in Crossbows
  2968 | D:3      | Reached XP level 6. HP: 42/47 MP: 8/8
  4135 | D:4      | Reached XP level 7. HP: 50/53 MP: 9/9
  4147 | D:4      | Reached skill level 5 in Crossbows
  4827 | D:5      | Entered Level 5 of the Dungeon
  4827 | D:5      | Noticed Sigmund
  4833 | D:5      | Killed Sigmund
  4886 | D:5      | Found an iron altar of Okawaru.
  4894 | D:5      | Became a worshipper of Warmaster Okawaru
  5007 | D:5      | Found a staircase to the Ecumenical Temple.
  5018 | D:5      | Reached skill level 6 in Crossbows
  5146 | D:5      | Reached skill level 5 in Fighting
  5208 | D:5      | Reached XP level 8. HP: 55/62 MP: 10/10
  5575 | D:6      | Found a runed door.
  5581 | D:6      | Noticed HydraWiggins's ghost (novice GnVM)
  5585 | D:6      | Reached * piety under Okawaru
  5603 | D:6      | Killed HydraWiggins's ghost
  5603 | D:6      | Reached skill level 7 in Crossbows
  5613 | D:6      | Found a glowing drain.
  5630 | Sewer    | Entered a sewer
  5701 | Sewer    | Noticed Purgy
  5712 | Sewer    | Killed Purgy
  6286 | D:6      | Found a glowing golden altar of the Shining One.
  6408 | D:6      | Noticed Eustachio
  6423 | D:6      | Killed Eustachio
  6423 | D:6      | Reached skill level 8 in Crossbows
  6423 | D:6      | Reached XP level 9. HP: 44/71 MP: 11/11
  6485 | D:6      | Reached ** piety under Okawaru
  6524 | D:6      | Noticed Grinder
  6534 | D:6      | Killed Grinder
  6978 | D:7      | Reached skill level 1 in Invocations
  7160 | D:7      | Got a smoking rapier
  7169 | D:7      | Found a shadowy altar of Dithmenos.
  7174 | D:7      | Identified the +6 rapier "Worm's Wrath" {vamp, +Blink} (You
                  | found it on level 7 of the Dungeon)
  7244 | D:7      | Reached skill level 9 in Crossbows
  7340 | D:7      | Reached *** piety under Okawaru
  7934 | D:8      | Found a shattered altar of Ashenzari.
  7955 | D:8      | Reached XP level 10. HP: 58/80 MP: 12/12
  8529 | D:9      | Found a bloodstained altar of Trog.
  8539 | D:9      | Reached **** piety under Okawaru
  8549 | D:9      | Found a radiant altar of Vehumet.
  8552 | D:9      | Found a stormy altar of Qazlal.
  8555 | D:9      | Found a shattered altar of Ashenzari.
  8737 | D:10     | Entered Level 10 of the Dungeon
  8862 | D:9      | Reached skill level 10 in Crossbows
  9120 | D:9      | Noticed a two-headed ogre
  9147 | D:9      | Mangled by a two-headed ogre

Vault maps used:
D:1:      ncdulo_wetmaze, serial_forest, infiniplex_forest_straight_4,
          infiniplex_forest_lined_ring, infiniplex_forest_lined_2,
          infiniplex_forest_straight_5, infiniplex_forest_clump_medium,
          infiniplex_forest_lined_room_, infiniplex_forest_clump_tiny,
          infiniplex_forest_lined_4_way
D:2:      grunt_temple_overflow_order_and_chaos_2,
          regret_index_temple_of_mockery, nemelex_xobeh_ov_fountains_minmay,
          nicolae_gozag_seed_capital, uniq_natasha
D:3:      lexackson_kobold_supper
D:4:      first_ration
D:5:      okawaru_trees_2, temple_doors_e, uniq_sigmund
D:6:      nicolae_overflow_crystal_walls, cheibrodos_sewer_entry_sluice,
          ebering_ghost_sewer_d, uniq_grinder, uniq_eustachio
D:7:      basic_altar
D:8:      grunt_pizzeria, nicolae_ashenzari_panopticon
D:9:      grunt_temple_overflow_cloverleaf, dk_rats_in_the_wall
D:10:     david_lair_generic, erik_orc_3, serial_shops,
          nicolae_shop_window_shopping
Sewer:    sewer_co_purgy_island

Skill      XL: |  1  2  3  4  5  6  7  8  9 10 |
---------------+-------------------------------+-----
Crossbows      | 2 3 4 6 8 9 10 | 10.2
Hexes          | 3 |  3.0
Fighting       | 2 3 5 6 8 |  8.5
Armour         | 1 |  1.5
Invocations    | 3 4 |  4.0
Dodging        | |  1.5
Spellcasting   | |  1.5

Action                   |  1- 3 |  4- 6 |  7- 9 | 10-12 || total
-------------------------+-------+-------+-------+-------++-------
Melee: Short sword       |    86 |    31 |       |       ||   117
       Trident           |       |   142 |   425 |   159 ||   726
 Fire: Hand crossbow     |    39 |    53 |     6 |     5 ||   103
Throw: Stone             |     4 |       |       |       ||     4
  Use: Scroll            |       |     4 |       |     2 ||     6
Armor: Robe              |     1 |       |       |       ||     1
       Plate armour      |   101 |   199 |   310 |    36 ||   646
       Troll leather arm |       |       |       |     5 ||     5
Dodge: Dodged            |    32 |    53 |   111 |    76 ||   272

Table legend:
 A = Non-vault XP
 B = Vault XP
 C = Vault XP percentage of total XP
 D = Non-vault monster count
 E = Vault monster count
 F = Vault count percentage of total count
                 A         B        C        D         E       F
            +---------+---------+-------+---------+---------+-------
      Total |    6216 |    1687 |  21.3 |     199 |      48 |  19.4
            +---------+---------+-------+---------+---------+-------
        D:1 |      49 |       0 |   0.0 |      22 |       0 |   0.0
        D:2 |     129 |      36 |  21.8 |      13 |       1 |   7.1
        D:3 |     248 |      11 |   4.2 |      31 |       8 |  20.5
        D:4 |     371 |       0 |   0.0 |      17 |       0 |   0.0
        D:5 |     569 |     227 |  28.5 |      18 |       1 |   5.3
        D:6 |     658 |    1002 |  60.4 |      22 |       8 |  26.7
        D:7 |    1384 |       0 |   0.0 |      36 |       0 |   0.0
        D:8 |    1116 |     133 |  10.6 |      10 |       1 |   9.1
        D:9 |    1692 |     118 |   6.5 |      30 |      21 |  41.2
      Sewer |       0 |     160 | 100.0 |       0 |       8 | 100.0
            +---------+---------+-------+---------+---------+-------
